 Dungeon Crawl Stone Soup version 0.29.0-4-gdea44cf6ec (webtiles) character file.

Game seed: 17508271358675679935

488 qw the Chopper (level 7, -13/43 HPs)
             Began as a Gargoyle Fighter on Sept 4, 2022.
             Was an Initiate of Ru.
             Mangled by an ogre
             ... wielding a +0 giant spiked club
              (24 damage)
             ... on level 5 of the Dungeon.
             The game lasted 00:01:32 (3344 turns).

qw the Chopper (Gargoyle Fighter)                   Turns: 3344, Time: 00:01:32

Health: -13/43     AC: 15    Str: 21    XL:     7   Next: 13%
Magic:  7/7        EV:  7    Int:  9    God:    Ru [......]
Gold:   220        SH:  4    Dex:  9    Spells: 6/6 levels left

rFire   . . .      SeeInvis .   Y - +1 broad axe (flame)
rCold   . . .      Faith    .   c - +0 buckler
rNeg    + . .      Spirit   .   j - +0 chain mail
rPois   inf        Reflect  .   (no helmet)
rElec   +          Harm     .   (no cloak)
rCorr   .          Rampage  .   (no gloves)
Will    .....                   l - +0 pair of boots
Stlth   ..........              r - amulet of regeneration
HPRegen 0.94/turn               (no ring)
MPRegen 0.10/turn               (no ring)

@: no status effects
A: sickness immunity, AC +4, negative energy resistance 1, electricity
resistance, torment resistance 1, petrification resistance
a: Renounce Religion


You were on level 5 of the Dungeon.
You worshipped Ru.
Ru was noncommittal.
You visited 1 branch of the dungeon, and saw 5 of its levels.

You collected 235 gold pieces.
You spent 15 gold pieces at shops.


Innate Abilities, Weirdness & Mutations

You are immune to sickness and miasma.
Your stone body is resilient. (AC +4)
You are immune to poison.
You resist negative energy. (rN+)
You are resistant to electric shocks. (rElec)
You are resistant to unholy torment.
You are immune to petrification.


   Skills:
 - Level 4.1 Fighting
 - Level 6.3 Axes
 - Level 1.0 Throwing
 - Level 3.2 Armour
 + Level 0.1 Dodging
 - Level 3.2 Shields


You had 6 spell levels left.
You didn't know any spells.
Your spell library was empty.

Inventory:

Hand Weapons
 Y - a +1 broad axe of flaming (weapon)
Armour
 c - a +0 buckler (worn)
 j - a +0 chain mail (worn)
 l - a +0 pair of boots (worn)
Jewellery
 r - an amulet of regeneration (around neck)
Scrolls
 a - 5 scrolls of teleportation
 h - a scroll of identify
Potions
 b - 2 potions of curing {unknown}
 d - 2 potions of might
 f - a potion of attraction {unknown}
 g - a potion of resistance {unknown}
 i - a potion of flight {unknown}

Dungeon Overview and Level Annotations

Branches:
Dungeon (5/15)
 Temple: D:4-7

Altars:
Ru

Shops:
D:1 :*(*

Annotations:
D:4 3 runed translucent doors, qw's ghost, amateur TrCA


Message History

You throw a silver javelin. The orc shouts!
The silver javelin pierces through the orc.
The orc is moderately wounded.
An ogre comes into view. It is wielding a +0 giant spiked club.
An orc wizard comes into view. It is wielding a +0 dagger.
The orc wizard shouts!
You hit the orc. You burn the orc.
You kill the orc!
Things that are here:
a +0 flail; an orc corpse You barely miss the orc.
You block the orc's attack.
The orc wizard gestures at you while chanting.
The puff of flame misses you.
You hit the ogre. You burn the ogre.
The ogre is lightly wounded.
You slash the orc! You burn the orc.
You kill the orc!
The ogre hits you with a +0 giant spiked club!
You barely miss the ogre.
The ogre is lightly wounded.
The orc wizard casts a spell at you.
You are confused.
The ogre barely misses you. The ogre attacks as you move away!
The ogre hits you with a +0 giant spiked club!
The ogre attacks as you move away! The ogre barely misses you.
The orc wizard hits you but does no damage.
You slash the ogre! You burn the ogre.
The ogre is severely wounded.
You closely miss the orc wizard.
The orc wizard hits you but does no damage.
The ogre hits you with a +0 giant spiked club!
The orc wizard casts a spell at you. The magic dart hits you.
You feel less confused.
The ogre hits you with a +0 giant spiked club!!
Ouch! That really hurt!
You die...

##.. .# ... #(...
...##.## ...
.....##........ ......
...#....!.. ........
.....#.............
##..##.# ..........
####...)..##..........
##......)............[.
#.....@o..........##...
###....O.....##...##...
#####.......##.......
###.....##....%.#
##...............
#...##......#....
#...##......#....
####.###........#...
#....##....##..#####


You could see an ogre and an orc wizard.

Vanquished Creatures
  An ice beast (D:5)
  A gnoll sergeant (D:5)
  2 necrophages (D:5)
  A jelly (D:4)
  5 gnolls
  4 adders
  2 ufetubi
  3 worms
  3 dart slugs
  3 orcs
  5 endoplasms
  2 giant cockroaches
  12 goblins
  8 hobgoblins
  3 jackals (D:3)
  3 quokkas
  5 ball pythons
  12 bats
  3 frilled lizards (D:3)
  7 kobolds
  9 rats
94 creatures vanquished.

Notes
Turn   | Place    | Note
-------+----------+-------------------------------------------
     0 | D:1      | qw the Gargoyle Fighter began the quest for the Orb.
     0 | D:1      | Reached XP level 1. HP: 14/14 MP: 1/1
     0 | D:1      | 0 ||| qw: Version: 0.1-a-103-gd6f5d3a
     0 | D:1      | 0 ||| qw: Game counter: 5376
     0 | D:1      | 0 ||| qw: Always use a shield: true
     0 | D:1      | 0 ||| qw: God list: Ru
     0 | D:1      | 0 ||| qw: Allow faded altars: false
     0 | D:1      | 0 ||| qw: Do Orc after D:15 true
     0 | D:1      | 0 ||| qw: Do second Lair branch before Depths: true
     0 | D:1      | 0 ||| qw: Lair rune preference: random
     0 | D:1      | 0 ||| qw: Plans: Normal
     0 | D:1      | 0 ||| PLANNING D:1-11
    47 | D:1      | Reached skill level 2 in Axes
    59 | D:1      | Reached XP level 2. HP: 19/19 MP: 2/2
   341 | D:1      | 341 ||| DROPPING +0 club.
   469 | D:1      | Reached skill level 3 in Axes
   476 | D:1      | Reached XP level 3. HP: 23/23 MP: 3/3
   477 | D:1      | Found Ceufrior's Assorted Antiques.
   487 | D:1      | 487 ||| SHOPLISTING chain mail (76 gold, have 24).
   487 | D:1      | 487 ||| BUYING fuming yellow potion (15 gold).
   487 | D:1      | Bought a fuming yellow potion for 15 gold pieces
   487 | D:1      | 487 ||| SHOPLISTING runed chain mail (127 gold, have 9).
   487 | D:1      | 487 ||| SHOPLISTING scroll labelled LUYNAM NEMUO (17 gold,
                  | have 9).
   487 | D:1      | 487 ||| SHOPLISTING silvery potion (15 gold, have 9).
   529 | D:1      | Found Meho's Book Boutique.
   664 | D:1      | 664 ||| DROPPING +0 whip.
   687 | D:1      | Found Xochadd's Assorted Antiques.
   692 | D:1      | 692 ||| SHOPLISTING fizzy silvery potion (17 gold, have 9).
   692 | D:1      | 692 ||| SHOPLISTING fuming yellow potion (17 gold, have 9).
   692 | D:1      | 692 ||| SHOPLISTING metallic inky potion (17 gold, have 9).
   692 | D:1      | 692 ||| SHOPLISTING scroll labelled DUIHISHYAR (19 gold,
                  | have 9).
   692 | D:1      | 692 ||| SHOPLISTING scroll labelled ROCZOIKENK (19 gold,
                  | have 9).
   692 | D:1      | 692 ||| SHOPLISTING scroll labelled YDEOJURRYOMO (19 gold,
                  | have 9).
   692 | D:1      | 692 ||| SHOPLISTING slimy chain mail (180 gold, have 9).
   725 | D:1      | Found Heubre's Antique Weapon Shoppe.
  1020 | D:1      | 1020 ||| UPGRADING to +0 pair of boots.
  1025 | D:1      | 1025 ||| UPGRADING to amulet of regeneration.
  1030 | D:1      | 1030 ||| READING scroll labelled ASATRIZEU NAVE.
  1031 | D:1      | 1031 ||| READING scroll labelled SIGYNK CASTUZXEMN.
  1032 | D:1      | 1032 ||| READING 2 scrolls labelled ROCZOIKENK.
  1033 | D:1      | 1033 ||| READING scroll labelled JONUCI TALETIULA.
  1034 | D:1      | 1034 ||| READING scroll labelled JENARPH DOTIO.
  1039 | D:1      | 1039 ||| READING scroll labelled UWUNNEDOEH.
  1039 | D:1      | Identified a scroll of acquirement
  1039 | D:1      | 1039 ||| ACQUIRING +0 broad axe of flaming
  1039 | D:1      | Acquired a +0 broad axe of flaming
  1041 | D:1      | 1041 ||| SWAPPING to +0 broad axe of flaming.
  1042 | D:1      | 1042 ||| DROPPING +3 whip.
  1043 | D:1      | 1043 ||| DROPPING +0 war axe.
  1044 | D:1      | 1044 ||| READING scroll labelled FIHOURY CADIMA.
  1065 | D:2      | Reached skill level 1 in Throwing
  1067 | D:2      | Found a faded altar of an unknown god.
  1135 | D:2      | 1135 ||| Stepping ~*~*~tactically~*~*~ (stealth).
  1301 | D:2      | 1301 ||| Stepping ~*~*~tactically~*~*~ (hiding).
  1462 | D:2      | Reached XP level 4. HP: 28/28 MP: 4/4
  1604 | D:2      | 1604 ||| DRINKING 2 black potions.
  1605 | D:2      | 1605 ||| DRINKING 2 fuming yellow potions.
  1606 | D:2      | 1606 ||| READING 2 scrolls of identify.
  1606 | D:2      | 1606 ||| IDENTIFYING fuming blue potion
  1607 | D:2      | 1607 ||| DROPPING potion of lignification.
  1608 | D:2      | 1608 ||| DROPPING potion of degeneration.
  1609 | D:2      | 1609 ||| DROPPING potion of brilliance.
  1724 | D:3      | 1724 ||| Stepping ~*~*~tactically~*~*~ (stealth).
  1728 | D:3      | 1728 ||| Stepping ~*~*~tactically~*~*~ (stealth).
  1734 | D:3      | 1734 ||| Stepping ~*~*~tactically~*~*~ (stealth).
  1735 | D:3      | 1735 ||| Stepping ~*~*~tactically~*~*~ (stealth).
  1738 | D:3      | 1738 ||| Stepping ~*~*~tactically~*~*~ (stealth).
  1885 | D:3      | Reached skill level 4 in Axes
  2045 | D:3      | 2045 ||| Stepping ~*~*~tactically~*~*~ (hiding).
  2119 | D:3      | Found a sacrificial altar of Ru.
  2142 | D:3      | Became a worshipper of Ru the Awakened
  2333 | D:3      | 2333 ||| UPGRADING to +0 chain mail.
  2343 | D:3      | 2343 ||| DROPPING +0 scale mail.
  2344 | D:3      | 2344 ||| DROPPING amulet of magic regeneration.
  2345 | D:3      | 2345 ||| READING 2 scrolls of identify.
  2345 | D:3      | 2345 ||| IDENTIFYING green potion
  2346 | D:3      | 2346 ||| DROPPING potion of invisibility.
  2371 | D:4      | Found a runed translucent gate.
  2371 | D:4      | Found a runed translucent gate.
  2371 | D:4      | Found a runed translucent gate.
  2435 | D:4      | 2435 ||| Stepping ~*~*~tactically~*~*~ (stealth).
  2437 | D:4      | 2437 ||| Stepping ~*~*~tactically~*~*~ (stealth).
  2439 | D:4      | 2439 ||| Stepping ~*~*~tactically~*~*~ (stealth).
  2441 | D:4      | 2441 ||| Stepping ~*~*~tactically~*~*~ (stealth).
  2468 | D:4      | Reached XP level 5. HP: 28/32 MP: 5/5
  2527 | D:4      | Noticed qw's ghost (amateur TrCA)
  2925 | D:4      | 2925 ||| DROPPING ring of wizardry.
  2926 | D:4      | 2926 ||| READING scroll labelled CUUSIO KUVOCZE.
  2927 | D:4      | 2927 ||| READING scroll labelled LUYNAM NEMUO.
  2928 | D:4      | 2928 ||| READING scroll labelled YDEOJURRYOMO.
  2942 | D:5      | Entered Level 5 of the Dungeon
  2943 | D:5      | 2943 ||| STAIRDANCE
  2973 | D:5      | 2973 ||| STAIRDANCE
  2993 | D:4      | 2993 ||| Stepping ~*~*~tactically~*~*~ (stealth).
  2994 | D:4      | 2994 ||| Stepping ~*~*~tactically~*~*~ (stealth).
  3039 | D:5      | 3039 ||| STAIRDANCE
  3077 | D:5      | 3077 ||| STAIRDANCE
  3081 | D:4      | Reached skill level 5 in Axes
  3116 | D:5      | Reached XP level 6. HP: 16/38 MP: 6/6
  3262 | D:5      | Noticed an ice beast
  3270 | D:5      | Killed an ice beast
  3271 | D:5      | Reached skill level 6 in Axes
  3271 | D:5      | Reached XP level 7. HP: 43/43 MP: 7/7
  3343 | D:5      | HP: 10/43 [orc wizard/magic dart (2)]
  3344 | D:5      | Mangled by an ogre

Levels and vault maps discovered:
D:1:      nzn_arrival_crosshair, layout_loops_ring, serial_shops, shop, shop,
          nicolae_shop_statue_plus, nicolae_lakefront_shop
D:2:      layout_rooms, shapermc_ecumenical_altar_mp_highgroup
D:3:      layout_loops_ring, nicolae_ru_awakened_eye, kennysheep_doodads
D:4:      layout_cave_pools, gammafunk_ghost_split, minmay_goblin_outpost
D:5:      layout_cave_pools

Skill      XL: |  1  2  3  4  5  6 |
---------------+-------------------+-----
Axes           | 2 3 4 5 6 |  6.3
Throwing       | 1 |  1.0
Fighting       | 4 |  4.1
Armour         | |  3.2
Dodging        | |  0.1
Shields        | |  3.2

Action                   |  1- 3 |  4- 6 |  7- 9 || total
-------------------------+-------+-------+-------++-------
Melee: War axe           |    66 |       |       ||    66
       Broad axe         |    27 |   105 |     5 ||   137
Throw: Javelin           |    26 |    33 |     2 ||    61
  Use: Scroll            |     7 |     5 |       ||    12
       Potion            |       |     2 |       ||     2
Armor: Scale mail        |    48 |    30 |       ||    78
       Chain mail        |       |    61 |     2 ||    63
Dodge: Dodged            |    50 |    55 |     3 ||   108
Block: Buckler           |    20 |    31 |     1 ||    52

Table legend:
 A = Non-vault XP
 B = Vault XP
 C = Vault XP percentage of total XP
 D = Non-vault monster count
 E = Vault monster count
 F = Vault count percentage of total count
                 A         B        C        D         E       F
            +---------+---------+-------+---------+---------+-------
      Total |     685 |      13 |   1.9 |      87 |       7 |   7.4
            +---------+---------+-------+---------+---------+-------
        D:1 |      45 |       0 |   0.0 |      26 |       0 |   0.0
        D:2 |      42 |       0 |   0.0 |      14 |       0 |   0.0
        D:3 |      56 |       0 |   0.0 |      25 |       0 |   0.0
        D:4 |     132 |      13 |   9.0 |      13 |       7 |  35.0
        D:5 |     410 |       0 |   0.0 |       9 |       0 |   0.0
            +---------+---------+-------+---------+---------+-------
